 Dungeon Crawl Stone Soup version 0.28-a0-1206-g193881aaa2 (webtiles) character file.

Game seed: 15106970494232013357

160 siradein the Magician (level 5, -19/38 HPs)
             Began as a Draconian Hedge Wizard on Dec 21, 2021.
             Killed from afar by Ijyb (21 damage)
             ... with a bolt of acid
             ... on level 3 of the Dungeon.
             The game lasted 00:11:12 (3603 turns).

siradein the Magician (Draconian Hedge Wizard)      Turns: 3603, Time: 00:11:12

Health: -19/38     AC:  1    Str: 13    XL:     5   Next: 17%
Magic:  10/10      EV: 11    Int: 16    God:
Gold:   104        SH:  3    Dex: 10    Spells: 5/11 levels left

rFire   . . .      SeeInvis .   f - +0 dagger (venom)
rCold   . . .      Faith    .   g - +0 buckler
rNeg    . . .      Spirit   .   (armour unavailable)
rPois   .          Reflect  .   b - +0 hat
rElec   .          Harm     .   (no cloak)
rCorr   .          Rampage  .   (no gloves)
Will    .....                   (no boots)
Stlth   ++........              (no amulet)
HPRegen 0.12/turn               (no ring)
MPRegen 0.12/turn               (no ring)

@: corroded
A: AC +5, unfitting armour, cold-blooded
a: no special abilities


You were on level 3 of the Dungeon.
You visited 1 branch of the dungeon, and saw 3 of its levels.

You collected 104 gold pieces.

Inventory:

Hand Weapons
 f - a +0 dagger of venom (weapon)
Armour
 b - a +0 hat (worn)
 g - a +0 buckler (worn)
Scrolls
 a - a scroll of acquirement {unknown}
 d - a scroll of fog {unknown}
 j - a scroll of teleportation {unknown}
 k - a scroll of identify {unknown}
Potions
 c - 2 potions of curing
 e - a potion of degeneration {unknown}
 h - a potion of invisibility {unknown}
 i - 2 potions of lignification {unknown}


   Skills:
 + Level 2.5 Dodging
 - Level 2.0 Stealth
 + Level 1.4 Shields
 + Level 3.5 Spellcasting
 + Level 2.1 Conjurations
 + Level 2.1 Summonings
 + Level 2.2 Translocations


You had 5 spell levels left.
You knew the following spells:

 Your Spells              Type           Power      Damage    Failure   Level
a - Magic Dart            Conj           36%        1d4       11%         1
b - Call Imp              Summ           9%         N/A       16%         2
c - Blink                 Tloc           18%        N/A       14%         2
d - Slow                  Hex            8%         N/A       24%         1

Your spell library contained the following spells:

 Spells                   Type           Power      Damage    Failure   Level
 Conjure Flame            Conj/Fire      6%         6-21      43%         3
 Mephitic Cloud           Conj/Pois/Air  5%         N/A       50%         3


Dungeon Overview and Level Annotations

Branches:
Dungeon (3/15)

Altars:

Annotations:
D:2 1 runed translucent door, Crazy Yiuf
D:3 Ijyb


Innate Abilities, Weirdness & Mutations

Your plain brown scales are hard. (AC +5)
You cannot fit into any form of body armour.
You are cold-blooded and may be slowed by cold attacks.


Message History

The magic dart hits the jelly.
The jelly is severely wounded.
The magic dart hits the jelly.
The jelly is almost dead.
The magic dart hits the jelly.
You kill the jelly!
You have reached level 5!
Magic restored.
There is a stone staircase leading down here.
A dart slug comes into view.
The magic dart hits the dart slug.
The dart slug is moderately wounded.
The magic dart hits the dart slug.
The dart slug is moderately wounded.
The magic dart hits the dart slug.
The dart slug is severely wounded.
The magic dart hits the dart slug.
You kill the dart slug!
Ijyb the Twisted Goblin comes into view.
She is wielding a +0 dagger and carrying a wand of acid (10).
A rat comes into view.
Ijyb shouts!
Ijyb zaps a wand.
The bolt of acid hits you!!
Ouch! That really hurt!
* * * LOW HITPOINT WARNING * * *
The acid corrodes you!
You are too injured to fight recklessly!
You are too injured to fight recklessly!
You are too injured to fight recklessly!
You hit Ijyb but do no damage. You tail-slap Ijyb, but do no damage.
Ijyb hits you with a +0 dagger.
* * * LOW HITPOINT WARNING * * *
You hit Ijyb but do no damage.
Ijyb is poisoned.
Ijyb hits you with a +0 dagger.
* * * LOW HITPOINT WARNING * * *
Ijyb screams, "I no like you!"
Ijyb zaps a wand.
The bolt of acid hits the rat!!!
The acid corrodes the rat!
The rat dies!
The bolt of acid hits you!!
Ouch! That really hurt!
You die...

#... #... .. #..#+# #.#
##..#.# #.# #...#.# #.#
######..##.#######...#.#
+.......##.#.........#.#
######.##.#.#########.#
#.......g...@.........#
#.####.##.#.#########.#
#.##...........#.#
.......#######.#.######
##......................# #
###########.##.#######.#
#.#######........##.#
##......[#...........#######.
.......<.#........##.........


You could see Ijyb (poisoned).

Vanquished Creatures
  A jelly (D:3)
  Terence (D:2)
  Robin (D:1)
  2 adders (D:2)
  5 dart slugs
  4 ball pythons
  An endoplasm (D:3)
  3 giant cockroaches
  8 hobgoblins
  3 jackals (D:2)
  2 quokkas (D:1)
  6 frilled lizards
  16 goblins
  7 kobolds
  4 rats
64 creatures vanquished.

Vanquished Creatures (others)
  A rat (D:3)
1 creature vanquished.

Grand Total: 65 creatures vanquished

Notes
Turn   | Place    | Note
-------+----------+-------------------------------------------
     0 | D:1      | siradein the Draconian Hedge Wizard began the quest for the
                  | Orb.
     0 | D:1      | Reached XP level 1. HP: 14/14 MP: 4/4
   231 | D:1      | Reached XP level 2. HP: 7/20 MP: 1/6
   662 | D:1      | Learned a level 2 spell: Call Imp
   665 | D:1      | Learned a level 2 spell: Blink
   667 | D:1      | Learned a level 1 spell: Slow
   751 | D:1      | Found a faded altar of an unknown god.
   751 | D:1      | Noticed an ice devil
  1354 | D:1      | Reached XP level 3. HP: 26/26 MP: 5/7
  1522 | D:2      | Noticed Robin
  1901 | D:1      | Killed Robin
  2233 | D:2      | Found a runed translucent door.
  2234 | D:2      | Noticed Crazy Yiuf
  2447 | D:2      | Reached XP level 4. HP: 32/33 MP: 2/8
  2692 | D:2      | Reached skill level 1 in Shields
  2805 | D:2      | Noticed Terence
  2817 | D:2      | Killed Terence
  3472 | D:3      | Reached XP level 5. HP: 38/38 MP: 4/10
  3594 | D:3      | Noticed Ijyb
  3597 | D:3      | HP: 1/38 [Ijyb (1)]
  3603 | D:3      | Killed from afar by Ijyb

Illustrated notes

Levels and vault maps discovered:
D:1:      dpeg_arrival_boxorama, layout_loops_ring,
          dreamdust_ecumenical_altar_sealed_demon
D:2:      layout_rooms, uniq_robin, uniq_terence, uniq_crazy_yiuf_cottage
D:3:      layout_basic, uniq_ijyb, uniq_grinder, uniq_sigmund

Skill      XL: |  1  2  3  4 |
---------------+-------------+-----
Dodging        | 2 |  2.5
Stealth        | 2 |  2.0
Shields        | 1 |  1.4
Summonings     | 2 |  2.1
Translocations | 2 |  2.2
Conjurations   | 2 |  2.1
Spellcasting   | |  3.5

Action                   |  1- 3 |  4- 6 || total
-------------------------+-------+-------++-------
Melee: Dagger            |    50 |    16 ||    66
       Tailslap          |     5 |     3 ||     8
 Cast: Magic Dart        |    94 |    54 ||   148
 Stab: Sleeping          |       |     1 ||     1
Armor: Skin              |    35 |    12 ||    47
Dodge: Dodged            |    53 |     9 ||    62
Block: Buckler           |    11 |     4 ||    15

Table legend: (Time is in decaauts)
 A = Elapsed time spent in this place.
 B = Non-inter-level travel time spent in this place.
 C = Inter-level travel time spent in this place.
 D = Time resting spent in this place.
 E = Time spent auto-exploring this place.
 F = Levels seen in this place.
 G = Mean time per level.
                   A        B        C        D        E       F      G
               +--------+--------+--------+--------+--------+-----+--------+
         Total |   3615 |   3544 |     71 |    538 |   2346 |   3 | 1205.0 |
       Dungeon |   3615 |   3544 |     71 |    538 |   2346 |   3 | 1205.0 |
               +--------+--------+--------+--------+--------+-----+--------+

Top non-repeatable levels by time:
     D:1: 2146 daAuts
     D:2: 1313 daAuts
     D:3: 155 daAuts
